 Dungeon Crawl Stone Soup version 0.22-a0-412-g2b68d14 (webtiles) character file.

389 Borgoz the Skirmisher (level 6, -6/39 HPs)
             Began as a Gargoyle Abyssal Knight on May 12, 2018.
             Was a Believer of Lugonu.
             Killed by divine providence
             ... invoked by an orc priest
              (12 damage)
             ... on level 4 of the Dungeon.
             The game lasted 00:03:33 (2471 turns).

Borgoz the Skirmisher (Gargoyle Abyssal Knight)     Turns: 2471, Time: 00:03:33

Health: -6/39      AC: 21    Str: 16    XL:     6   Next: 79%
Magic:  8/8        EV:  7    Int: 12    God:    Lugonu [**....]
Gold:   127        SH:  0    Dex: 11    Spells: 5/5 levels left

rFire    . . .     SeeInvis .   a - +1 hand axe
rCold    . . .     Gourm    .   (no shield)
rNeg     + . .     Faith    .   d - +8 chain mail of the Garden {rCorr}
rPois    ∞         Spirit   .   (no helmet)
rElec    +         Reflect  .   (no cloak)
rCorr    +         Harm     .   (no gloves)
MR       .....                  (no boots)
Stlth    ..........             (no amulet)
HPRegen  0.13/turn              r - +3 ring of slaying
MPRegen  0.11/turn              (no ring)

@: no status effects
A: negative energy resistance 1, electricity resistance, unbreathing,
petrification resistance, rot immunity, AC +4
a: Depart the Abyss, Bend Space, Renounce Religion


You were on level 4 of the Dungeon.
You worshipped Lugonu.
Lugonu was pleased with you.
You were not hungry.

You visited 1 branch of the dungeon, and saw 4 of its levels.
You visited the Abyss 1 time.

You collected 127 gold pieces.

Inventory:

Hand Weapons
 a - a +1 hand axe (weapon)
Armour
 d - the +8 chain mail of the Garden (worn) {rCorr}
   (You found it on level 3 of the Abyss)

   It protects you from acid and corrosion.
Jewellery
 r - a +3 ring of slaying (left hand)
Wands
 m - a wand of paralysis (19)
Scrolls
 f - a scroll of vulnerability {unknown}
 g - a scroll of amnesia {unknown}
 h - 2 scrolls of magic mapping
 j - 3 scrolls of identify {unknown}
 l - a scroll of remove curse {unknown}
 n - a scroll of blinking {unknown}
 q - a scroll of noise {unknown}
Potions
 e - a potion of brilliance
 i - a potion of heal wounds {unknown}
 k - a potion of degeneration {unknown}
 o - a potion of curing {unknown}
 s - a potion of berserk rage {unknown}
Comestibles
 c - 8 rations
 p - a chunk of flesh


   Skills:
 + Level 4.5 Fighting
 * Level 3.9 Axes
 + Level 3.6 Armour
 + Level 2.1 Dodging
 + Level 3.5 Invocations


You had 5 spell levels left.
You didn't know any spells.
Your spell library was empty.

Dungeon Overview and Level Annotations

Branches:
Dungeon (4/15)
 Temple: D:4-7

Altars:

Annotations:
D:4 2 runed doors


Innate Abilities, Weirdness & Mutations

You are resistant to torment.
Your stone body is resilient. (AC +4)
You are immune to poison.
You resist negative energy. (rN+)
You are resistant to electric shocks. (rElec)
You can survive without breathing.
You are immune to petrification.
You are immune to rotting.


Message History

The adder barely misses you.
The orc wizard casts a cantrip, but nothing happens.
The adder bites you but does no damage.
The orc wizard gestures at you while chanting.
The magic dart hits you!
* * * LOW HITPOINT WARNING * * *
Found an escape hatch in the floor.
You hit the orc wizard.
The orc wizard is moderately wounded.
You hit the adder. The adder bites you but does no damage.
The orc wizard hits you but does no damage.
An orc priest comes into view. It is wielding a club.
You closely miss the orc wizard.
The orc wizard is moderately wounded.
You hit the adder. The adder bites you.
* * * LOW HITPOINT WARNING * * *
The orc wizard hits you but does no damage.
The orc priest mumbles some strange prayers to Beogh against you.
Beogh smites you!
You die...

... #.# #..
#.#####.#######..##
#.................##
...###.....#.#########...
........##.#.#########..#
...####.##.#.............
.........#.############..
###.....)#.# ....
#....S@#.# #.....
#.....o#+# #####.
#....... #. ####....o #.
....... #. ##.###... #.
...# .. ..Z#


You could see an orc priest, an orc wizard, an adder and a centaur skeleton.

Vanquished Creatures
  An ogre (D:4)
  A scorpion (D:4)
  3 orc priests
  A hound (D:4)
  6 adders
  An ooze (D:1)
  A worm (D:2)
  4 dart slugs
  2 leopard geckos (D:1)
  6 orcs
  6 bats
  2 giant cockroaches
  8 goblins
  3 hobgoblins
  7 kobolds
  6 frilled lizards
  11 rats
69 creatures vanquished.

Notes
Turn   | Place    | Note
-------+----------+-------------------------------------------
     0 | Abyss:1  | Borgoz the Gargoyle Abyssal Knight began the quest for the Orb.
     0 | Abyss:1  | Reached XP level 1. HP: 14/14 MP: 2/2
    68 | Abyss:2  | Noticed a large abomination
    77 | Abyss:3  | Got a translucent chain mail
    91 | Abyss:3  | Identified the +8 chain mail of the Garden {rCorr} (You found it on level 3 of the Abyss)
   107 | Abyss:4  | Noticed a long sword of holy wrath
   109 | D:1      | Escaped the Abyss
   251 | D:1      | Reached XP level 2. HP: 19/19 MP: 3/3
   267 | D:1      | Reached * piety under Lugonu
   267 | D:1      | Reached skill level 1 in Dodging
   368 | D:1      | Reached XP level 3. HP: 20/23 MP: 4/4
   718 | D:2      | Reached XP level 4. HP: 26/29 MP: 5/5
   724 | D:2      | Reached ** piety under Lugonu
  1437 | D:3      | Reached skill level 4 in Fighting
  1437 | D:3      | Reached XP level 5. HP: 14/33 MP: 7/7
  2268 | D:4      | Reached XP level 6. HP: 36/38 MP: 8/8
  2317 | D:4      | Found a large runed door.
  2317 | D:4      | Found a large runed door.
  2471 | D:4      | Killed from afar by an orc priest

Vault maps used:
D:1:      sevenhm_arrival_forest_fort_small_4, minmay_misc_feat_alley
D:4:      nicolae_overflow_crystal_walls, minmay_hollow_rounded_squares
Abyss:1:  small_statue_intersection
Abyss:3:  doesnt_abyss_rune_brain_food
Abyss:4:  evilmike_abyss_rune_tso_outpost

Skill      XL: |  1  2  3  4  5  6 |
---------------+-------------------+-----
Axes           | 2 3 |  3.9
Dodging        | 1 2 |  2.1
Fighting       | 4 |  4.5
Armour         | 3 |  3.6
Invocations    | 3 |  3.5

Action                   |  1- 3 |  4- 6 || total
-------------------------+-------+-------++-------
Melee: Hand axe          |   111 |   159 ||   270
Invok: Depart the Abyss  |     1 |       ||     1
Evoke: Wand              |       |     1 ||     1
  Use: Potion            |       |     2 ||     2
       Scroll            |       |     1 ||     1
 Stab: Paralysed         |       |     4 ||     4
  Eat: Chunk             |       |     5 ||     5
Armor: Chain mail        |    91 |   147 ||   238
Dodge: Dodged            |    44 |    69 ||   113

Table legend:
 A = Spawn XP
 B = Non-spawn XP
 C = Spawn XP percentage of total XP
 D = Spawn monster count
 E = Non-spawn monster count
 F = Spawn count percentage of total count
 G = Total turns spent on level
                    A         B        C        D         E        F      G
               +---------+---------+-------+---------+---------+-------+---------
         Total |       0 |     556 |   0.0 |       0 |      69 |   0.0 |  2471
               +---------+---------+-------+---------+---------+-------+---------
           D:1 |       0 |      62 |   0.0 |       0 |      33 |   0.0 |   566
           D:2 |       0 |      55 |   0.0 |       0 |      16 |   0.0 |   524
           D:3 |       0 |     125 |   0.0 |       0 |      10 |   0.0 |   715
           D:4 |       0 |     314 |   0.0 |       0 |      10 |   0.0 |   557
               +---------+---------+-------+---------+---------+-------+---------
